 Dungeon Crawl Stone Soup version 0.30.1-9-gdf580d7c3d (webtiles) character file.

Game seed: 2785036808840452012

15455 Wiggles the Cleaver (level 12, -44/107 HPs)
             Began as a Minotaur Berserker on Oct 13, 2023.
             Was an Elder of Trog.
             Annihilated by Muruk's ghost (48 damage)
             ... on level 11 of the Dungeon.
             The game lasted 00:16:59 (10910 turns).

Wiggles the Cleaver (Minotaur Berserker)           Turns: 10910, Time: 00:17:00

Health: -44/107    AC: 21    Str: 33    XL:     12   Next: 1%
Magic:  20/20      EV: 11    Int:  4    God:    Trog [****..]
Gold:   475        SH:  0    Dex: 15    Spells: 11/11 levels left

rFire   + . .        a - +1 hand axe (heavy)
rCold   x . .        C - +2 buckler
rNeg    . . .        u - +0 plate armour
rPois   .            M - +1 hat
rElec   .            z - +0 cloak
rCorr   .            i - +0 pair of gloves
SInv    .            I - +0 pair of boots
Will    .....        f - amulet of the acrobat Stlth
                     n - +6 ring of dexterity
HPRegen 0.37/turn    E - ring of Tannilogam {Fire MP+9 Str+5}
MPRegen 0.17/turn

%: acrobat
@: confused, lethally poisoned (-44 -> -54), on berserk cooldown, slowed, very
slow
A: horns 2, retaliatory headbutt
a: Renounce Religion, Berserk, Trog's Hand, Brothers in Arms


You were on level 11 of the Dungeon.
You worshipped Trog.
Trog was greatly pleased with you.
You visited 1 branch of the dungeon, and saw 11 of its levels.

You collected 635 gold pieces.
You spent 160 gold pieces at shops.

Inventory:

Hand Weapons
 a - a +1 heavy hand axe (weapon)
 o - a +0 war axe of electrocution
 y - a +0 war axe
Missiles
 r - 5 throwing nets (quivered)
Armour
 i - a +0 pair of gloves (worn)
 u - a +0 plate armour (worn)
 z - a +0 cloak (worn)
 C - a +2 buckler (worn)
 I - a +0 pair of boots (worn)
 M - a +1 hat (worn)
Jewellery
 f - an amulet of the acrobat (around neck)
 k - a ring of ice
 n - a +6 ring of dexterity (left hand)
 E - the ring of Tannilogam (right hand) {Fire MP+9 Str+5}
   (You found it on level 7 of the Dungeon)

   [ring of fire]

   It enhances your fire magic.
   Str:       It affects your strength (+5).
   rF:        It protects you from fire.
   rC:        It makes you vulnerable to cold.
   MP:        It affects your magic capacity (+9).
 H - a ring of fire
 L - a ring of positive energy
 P - a +6 ring of intelligence
Wands
 q - a wand of charming (9)
 w - a wand of acid (4)
 G - a wand of polymorph (10)
Scrolls
 b - 4 scrolls of teleportation
 g - 3 scrolls of fog
 m - 2 scrolls of poison
 t - a scroll of enchant weapon
 x - a scroll of amnesia
 J - a scroll of magic mapping
 K - a scroll of summoning
 O - a scroll of silence {unknown}
 Q - a scroll of identify
Potions
 c - 4 potions of degeneration
 d - 2 potions of might
 e - 5 potions of brilliance
 h - 2 potions of haste
 j - 4 potions of attraction
 l - 7 potions of heal wounds
 p - 6 potions of curing
 s - 2 potions of lignification
 v - 3 potions of flight
 A - a potion of berserk rage
 B - a potion of resistance {unknown}
 D - 4 potions of cancellation
 F - a potion of mutation {unknown}
 N - a potion of magic {unknown}


   Skills:
 + Level 10.4 Fighting
 + Level 14.4 Axes
 + Level 13.5 Armour
 + Level 5.4 Dodging
 + Level 2.0 Stealth
 + Level 6.5 Shields


You had 11 spell levels left.
You didn't know any spells.
Your spell library was empty.

Dungeon Overview and Level Annotations

Branches:
Dungeon (11/15)            Temple (0/1) D:5            Lair (0/5) D:8
    Orc: D:9-12

Altars:
Cheibriados
Fedhas
Makhleb
Okawaru
Yredelemnul
Zin
The Shining One

Shops:
D:11 **

Annotations:
D:11 Muruk's ghost, journeyman OpVM


Innate Abilities, Weirdness & Mutations

You have a pair of horns on your head.
You reflexively headbutt those who attack you in melee.


Message History

Muruk's ghost is almost destroyed.
You are engulfed in noxious fumes.
You feel very sick.
Muruk's ghost hits you but does no damage.
You hit Muruk's ghost.
Muruk's ghost is almost destroyed.
You are engulfed in noxious fumes.
You choke on the stench!
You are more confused.
You feel very sick.
Muruk's ghost hits you but does no damage. x2
You bump into the translucent stone wall.
You are engulfed in noxious fumes.
You choke on the stench!
You are more confused.
You feel sick.
Muruk's ghost stares at you and mumbles some strange words.
The ball explodes into a vile cloud!
The stinking cloud engulfs you but does no damage.
The stinking cloud engulfs Muruk's ghost but does no damage.
The stinking cloud engulfs the orc priest but does no damage.
The orc priest shouts!
You hit Muruk's ghost. Your headbutt misses Muruk's ghost.
Muruk's ghost is almost destroyed.
You slash the orc priest!
You kill the orc priest!
Trog accepts your kill.
You feel sick. Muruk's ghost barely misses you. x2
You feel sick.
Muruk's ghost casts a spell.
Muruk's ghost begins to radiate toxic energy.
* * * LOW HITPOINT WARNING * * *
You are more poisoned.
You're too confused to move!
You feel sick.
* * * LOW HITPOINT WARNING * * *
You are more poisoned.
* * * LOW HITPOINT WARNING * * *
You are more poisoned.
Muruk's ghost closely misses you.
Muruk's ghost casts a spell.
Muruk's ghost emits a burst of electricity!
You are struck by an electric surge!!!
You die...

#................................
############...############..####
#..........################......
#..........#8....[_[)...8#.......
#..........#.............#####...
#.##########.#8#..8..#8#.#####...
#..........#.###.....###.#.......
#..........#....#####....#.......
#..........#....@.○......#..#####
#.#######..######W)†######..#
#.#######..8......)).....8..#####
#................................
#..........#######...########....
########...# ##..# #...# #...#
##.# #...#
########...#########.########...#
#.......................(........


You could see Muruk's ghost (toxic aura).

Vanquished Creatures
  Gastronok (D:11)
  Snorg (D:11)
  Erica (D:9)
  2 two-headed ogres
  The ghost of SirLogeyBear the Cleaver, a novice HOBe of Trog (D:7)
  A cyclops (D:11)
  A manticore (D:11)
  A gargoyle (D:10)
  A komodo dragon (D:10)
  2 unseen horrors
  2 shadows
  2 wyverns
  4 water elementals (D:11)
  2 wraiths
  An unseen horror simulacrum (D:7)
  27 yaks
  The ghost of Nedac819 the Basher, an amateur MeWn (D:4)
  A steam dragon (D:8)
  A warg (D:11)
  A water moccasin (D:5)
  A sky beast (D:6)
  An orc warrior (D:11)
  4 ice beasts
  3 centaurs
  5 black bears
  An ogre (D:5)
  A kobold brigand (D:8)
  A gnoll sergeant (D:8)
  A bullfrog (D:7)
  A scorpion (D:5)
  5 wights (D:10)
  5 killer bees (D:8)
  3 howler monkeys (D:7)
  An electric eel (D:10)
  7 hounds
  A jelly (D:4)
  6 orc priests
  A gnoll bouda (D:8)
  3 sleepcaps
  4 iguanas
  7 orc wizards
  22 gnolls
  6 adders
  4 white imps
  2 ufetubi
  A worm (D:5)
  40 orcs
  7 endoplasms
  2 giant cockroaches
  4 goblins
  12 hobgoblins
  10 kobolds
  3 quokkas
  9 ball pythons
  3 bats
  2 frilled lizards (D:1)
  6 rats
249 creatures vanquished.

Vanquished Creatures (collateral kills)
  2 orc warriors (D:11)
  An orc (D:11)
3 creatures vanquished.

Grand Total: 252 creatures vanquished

Notes
Turn   | Place    | Note
-------+----------+-------------------------------------------
     0 | D:1      | Wiggles the Minotaur Berserker began the quest for the Orb.
     0 | D:1      | Reached XP level 1. HP: 19/19 MP: 0/0
   120 | D:1      | Reached XP level 2. HP: 20/27 MP: 1/1
   695 | D:2      | Reached skill level 4 in Axes
   791 | D:2      | Reached XP level 3. HP: 34/34 MP: 2/2
  1002 | D:2      | Found a faded altar of an unknown god.
  1121 | D:2      | Reached ** piety under Trog
  1350 | D:3      | Found a glowing silver altar of Zin.
  1360 | D:3      | Found a basalt altar of Yredelemnul.
  1575 | D:3      | Found a snail-covered altar of Cheibriados.
  1576 | D:3      | Found an iron altar of Okawaru.
  1788 | D:3      | Reached XP level 4. HP: 41/41 MP: 3/3
  2122 | D:3      | Reached skill level 5 in Axes
  2539 | D:4      | Reached XP level 5. HP: 47/47 MP: 4/4
  2771 | D:4      | Noticed a black bear
  2771 | D:4      | Noticed Nedac819's ghost (amateur MeWn)
  2772 | D:4      | Found a transporter.
  2775 | D:4      | Found a transporter.
  3068 | D:4      | Noticed a black bear
  3079 | D:4      | Killed a black bear
  3080 | D:4      | Reached skill level 5 in Fighting
  3080 | D:4      | Reached skill level 6 in Axes
  3080 | D:4      | Reached XP level 6. HP: 3/56 MP: 5/5
  3650 | D:4      | Killed Nedac819's ghost
  3661 | D:4      | Reached skill level 5 in Armour
  3661 | D:4      | Reached XP level 7. HP: 29/61 MP: 6/6
  3794 | D:5      | Entered Level 5 of the Dungeon
  3812 | D:5      | Reached skill level 1 in Stealth
  3834 | D:5      | Reached skill level 7 in Axes
  4226 | D:5      | Noticed a yak
  4226 | D:5      | Noticed a yak
  4226 | D:5      | Noticed a yak
  4235 | D:5      | Killed a yak
  4236 | D:5      | Reached XP level 8. HP: 68/70 MP: 7/7
  4244 | D:5      | Reached skill level 8 in Axes
  4553 | D:5      | Found a staircase to the Ecumenical Temple.
  4730 | D:5      | Reached skill level 9 in Axes
  4884 | D:5      | Reached *** piety under Trog
  5250 | D:6      | Found a burning altar of Makhleb.
  5301 | D:6      | Found a glowing golden altar of the Shining One.
  5469 | D:6      | Reached XP level 9. HP: 79/79 MP: 8/8
  5739 | D:6      | Found a blossoming altar of Fedhas.
  5873 | D:7      | Reached **** piety under Trog
  5876 | D:7      | Reached skill level 10 in Axes
  5876 | D:7      | Reached skill level 1 in Shields
  6009 | D:7      | Found a runed translucent gate.
  6031 | D:7      | Found a runed translucent gate.
  6035 | D:7      | Found a runed translucent gate.
  6035 | D:7      | Noticed SirLogeyBear's ghost (novice HOBe)
  6371 | D:7      | Killed SirLogeyBear's ghost
  6372 | D:7      | Reached skill level 11 in Axes
  6372 | D:7      | Reached skill level 10 in Armour
  6372 | D:7      | Reached XP level 10. HP: 88/88 MP: 9/9
  6401 | D:7      | Got the ring of Tannilogam {Fire MP+9 Str+5}
  6404 | D:7      | Identified the +5 flail of Rymiad {protect, +Blink rF- rC+
                  | Dex+2}
  7244 | D:8      | Found a staircase to the Lair.
  7622 | D:9      | Reached skill level 12 in Axes
  8073 | D:9      | Noticed Erica
  8081 | D:9      | Killed Erica
  8236 | D:9      | Noticed a two-headed ogre
  8240 | D:9      | Killed a two-headed ogre
  8400 | D:10     | Entered Level 10 of the Dungeon
  8409 | D:10     | Reached skill level 5 in Shields
  8740 | D:10     | Reached skill level 13 in Axes
  8744 | D:10     | Reached XP level 11. HP: 97/97 MP: 10/10
  8824 | D:10     | Reached skill level 5 in Dodging
  9034 | D:10     | Reached ***** piety under Trog
  9811 | D:11     | Noticed a two-headed ogre
  9817 | D:11     | Killed a two-headed ogre
  9849 | D:11     | Noticed Gastronok
  9863 | D:11     | Killed Gastronok
  9864 | D:11     | Reached skill level 10 in Fighting
  9864 | D:11     | Reached skill level 14 in Axes
 10241 | D:11     | Found a runed translucent gate.
 10241 | D:11     | Found a runed translucent gate.
 10241 | D:11     | Found a runed translucent gate.
 10245 | D:11     | Noticed Muruk's ghost (journeyman OpVM)
 10247 | D:11     | Identified the +4 plate armour "Byuqit" {Rampage rElec
                  | Will- Slay+5}
 10559 | D:11     | Found Deelup's Specific Store.
 10563 | D:11     | Found Ofu Igeu's General Store.
 10567 | D:11     | Bought 2 potions of heal wounds for 160 gold pieces
 10683 | D:11     | Noticed Snorg
 10693 | D:11     | Killed Snorg
 10890 | D:11     | Reached XP level 12. HP: 90/107 MP: 11/11
 10910 | D:11     | HP: 4/107 [Muruk's ghost/Olgreb's Toxic Radiance (5)]
 10910 | D:11     | Annihilated by Muruk's ghost

Illustrated notes

Levels and vault maps discovered:
D:1:      lightli_arrival_noodles, layout_rooms
D:2:      layout_basic, ebering_ecumenical_altar_webs
D:3:      corexii_shack_village, layout_loops_corners,
          grunt_temple_overflow_open
D:4:      black_bear_nest_2, layout_layer_cave, gammafunk_ghost_arena
D:5:      nicolae_cairo_tiling_very_big, layout_rooms, serial_bayou_lake_a
D:6:      layout_rooms, nicolae_overflow_hidden_temple
D:7:      layout_cave_pools, gammafunk_ghost_icy
D:8:      layout_basic, lair_entry_dummy, chequers_serial_rivers_room_b
D:9:      layout_basic, uniq_erica
D:10:     layout_basic
D:11:     layout_long_grid, biasface_ghost_orc_armoury, nicolae_specific_store,
          nicolae_underground_beach, uniq_snorg, uniq_gastronok

Skill      XL: |  1  2  3  4  5  6  7  8  9 10 11 |
---------------+----------------------------------+-----
Fighting       | 4 5 6 7 8 9 10 | 10.4
Axes           | 4 5 6 7 9 11 13 14 | 14.4
Armour         | 3 5 6 8 10 11 13 | 13.5
Dodging        | 3 4 5 |  5.4
Stealth        | 1 2 |  2.0
Shields        | 2 5 6 |  6.5

Action                     |  1- 3 |  4- 6 |  7- 9 | 10-12 || total
---------------------------+-------+-------+-------+-------++-------
  Melee: Hand axe          |    79 |    69 |   228 |   271 ||   647
         Headbutt          |    10 |    14 |    50 |    56 ||   130
         Punch             |     1 |       |     3 |       ||     4
 Invoke: Berserk           |     1 |     2 |     3 |     5 ||    11
         Brothers in Arms  |       |       |       |     1 ||     1
    Use: Scroll            |       |       |    14 |     9 ||    23
 Armour: Animal skin       |     7 |       |       |       ||     7
         Ring mail         |     5 |    26 |       |       ||    31
         Plate armour      |       |       |   151 |   126 ||   277
  Dodge: Dodged            |    69 |    89 |   133 |   149 ||   440
  Block: Buckler           |       |       |    23 |    89 ||   112
